 Dungeon Crawl Stone Soup version 0.29-a0-451-gfbfa42419e (webtiles) character file.

Game seed: 12258768394847532827

43 happo123 the Ducker (level 3, 0/25 HPs)
             Began as a Djinni Hedge Wizard on May 20, 2022.
             Killed by nerve-wracking pain
             ... invoked by Grinder
              (5 damage)
             ... on level 3 of the Dungeon.
             The game lasted 00:10:47 (2982 turns).

happo123 the Ducker (Djinni Hedge Wizard)           Turns: 2982, Time: 00:10:48

Health: 0/25       AC:  3    Str:  9    XL:     3   Next: 82%
Gold:   146        EV: 27    Int: 17    God:
                   SH:  0    Dex: 12

rFire   + + .      SeeInvis +   a - +0 dagger
rCold   x . .      Faith    .   (no shield)
rNeg    . . .      Spirit   .   b - +0 robe
rPois   ∞          Reflect  .   p - +0 helmet
rElec   .          Harm     .   (no cloak)
rCorr   +          Rampage  .   (no gloves)
Will    .....                   (boots unavailable)
Stlth   ++........              s - amulet of the acrobat
HPRegen 0.08/turn               e - ring of resist corrosion
MPRegen 0.00/turn               q - ring of see invisible

@: acrobatic, flying
A: sickness immunity, fire resistance 2, cold vulnerability 1, float, innate
caster, HP casting, extra vitality 1
a: no special abilities


You were on level 3 of the Dungeon.
You visited 1 branch of the dungeon, and saw 3 of its levels.

You collected 146 gold pieces.

Inventory:

Hand Weapons
 a - a +0 dagger (weapon)
Armour
 b - a +0 robe (worn)
 c - a +0 hat
 p - a +0 helmet (worn)
Jewellery
 e - a ring of resist corrosion (left hand)
 q - a ring of see invisible (right hand)
 s - an amulet of the acrobat (around neck)
Scrolls
 f - a scroll of noise {unknown}
 g - a scroll of poison {unknown}
 h - a scroll of torment {unknown}
 j - a scroll of vulnerability {unknown}
 m - a scroll of brand weapon {unknown}
 n - a scroll of teleportation {unknown}
 o - 2 scrolls of identify {unknown}
 r - a scroll of immolation {unknown}
Potions
 d - a potion of flight {unknown}
 i - a potion of haste {unknown}
 k - a potion of might {unknown}
 l - a potion of curing


   Skills:
 + Level 3.0 Dodging
 + Level 2.3 Stealth
 + Level 2.8 Spellcasting


You couldn't memorise any spells.
You knew the following spells:

 Your Spells              Type           Power      Damage    Failure   Level
a - Magic Dart            Conj           48%        1d5       5%          1
b - Blink                 Tloc           24%        N/A       9%          2
c - Call Imp              Summ           12%        N/A       9%          2
d - Slow                  Hex            48%        N/A       5%          1
e - Conjure Flame         Conj/Fire      12%        6-21      17%         3
f - Mephitic Cloud        Conj/Pois/Air  12%        N/A       17%         3
g - Necrotize             Necr           48%        1d6       5%          1
Your spell library was empty.

Dungeon Overview and Level Annotations

Branches:
Dungeon (3/15)

Altars:

Annotations:
D:3 Grinder


Innate Abilities, Weirdness & Mutations

You are immune to sickness and miasma.
You are immune to poison.
Your flesh is very heat resistant. (rF++)
You are vulnerable to cold. (rC-)
You float through the air rather than walking.
You learn spells naturally, not from books.
Your magical power is your life essence.
You have superior vitality. (+4 MHP)


Message History

Grinder gestures at you.
You suddenly lose the ability to move!
You can move again.
You swap places.
Grinder blinks!
Your crimson imp blinks!
Grinder gestures at you.
You suddenly lose the ability to move!
You can move again.
You swap places.
Your crimson imp closely misses Grinder.
Grinder hits your crimson imp.
Your crimson imp hits Grinder.
Grinder blinks!
You swap places.
Your crimson imp hits Grinder.
Grinder completely misses your crimson imp.
Your crimson imp blinks!
Grinder gestures at you.
You suddenly lose the ability to move!
You can move again.
Unknown command.
Casting: Call Imp (safe; 9% risk of failure)
Confirm with . or Enter, or press ? or * to list all spells.
A beastly little devil appears in a puff of flame.
* * * LOW HITPOINT WARNING * * *
Grinder drinks a potion.
Grinder is healed!
Your crimson imp blinks!
Grinder says, "Wait up."
Casting: Call Imp (safe; 9% risk of failure)
Confirm with . or Enter, or press ? or * to list all spells.
A beastly little devil appears in a puff of frigid air.
* * * LOW HITPOINT WARNING * * *
Your crimson imp disappears in a puff of smoke!
Grinder hits your white imp.
Your white imp hits Grinder.
Your white imp freezes Grinder.
Grinder completely resists.
Grinder hits your white imp!
Your white imp dies!
Your white imp disappears in a puff of smoke!
Grinder gestures at you. Pain shoots through your body!
You die...

............'.......
#.###....####.......
#........# ##......
#####.#### ##.....
#.# ##...# #5# ##+##
#.# ####.#####
#.@......#
#.##.###.# #5##.#
#.##.. #.##### #.#
#.5 ####


You could see Grinder.

Vanquished Creatures
  A dart slug (D:1)
  An endoplasm (D:1)
  4 goblins
  A kobold (D:1)
  A quokka (D:1)
  2 ball pythons
  2 bats
  3 rats
15 creatures vanquished.

Vanquished Creatures (collateral kills)
  2 adders (D:2)
  A goblin (D:2)
  A hobgoblin (D:1)
  3 kobolds
  A quokka (D:1)
  A frilled lizard (D:1)
9 creatures vanquished.

Grand Total: 24 creatures vanquished

Notes
Turn   | Place    | Note
-------+----------+-------------------------------------------
     0 | D:1      | happo123 the Djinni Hedge Wizard began the quest for the
                  | Orb.
     0 | D:1      | Reached XP level 1. HP: 15/15 MP: 0/0
   551 | D:1      | Reached XP level 2. HP: 18/21 MP: 0/0
  2041 | D:2      | Reached XP level 3. HP: 22/25 MP: 0/0
  2041 | D:2      | Learned a level 1 spell: Necrotize
  2211 | D:2      | Found a faded altar of an unknown god.
  2417 | D:2      | Reached skill level 3 in Dodging
  2900 | D:3      | Noticed Grinder
  2917 | D:3      | Paralysed by Grinder for 5 turns
  2958 | D:3      | Paralysed by Grinder for 2 turns
  2964 | D:3      | Paralysed by Grinder for 5 turns
  2975 | D:3      | Paralysed by Grinder for 2 turns
  2982 | D:3      | Killed from afar by Grinder

Illustrated notes

Levels and vault maps discovered:
D:1:      lightli_arrival_flooded_house, layout_basic, minivault_19
D:2:      layout_loops_ring, hellmonk_ecumenical_altar_leap_of_faith
D:3:      layout_loops_corners, uniq_grinder, uniq_ijyb, uniq_robin

Skill      XL: |  1  2  3 |
---------------+----------+-----
Stealth        | 2 |  2.3
Dodging        | 3 |  3.0
Spellcasting   | |  2.8

Action                   || total
-------------------------++-------
 Cast: Magic Dart        ||    48
       Call Imp          ||    16
       Slow              ||     3
       Conjure Flame     ||     2
Armor: Robe              ||     6
Dodge: Dodged            ||    15

Table legend: (Time is in decaauts)
 A = Elapsed time spent in this place.
 B = Non-inter-level travel time spent in this place.
 C = Inter-level travel time spent in this place.
 D = Time resting spent in this place.
 E = Time spent auto-exploring this place.
 F = Levels seen in this place.
 G = Mean time per level.
                   A        B        C        D        E       F      G
               +--------+--------+--------+--------+--------+-----+--------+
         Total |   2980 |   2853 |    127 |    807 |   1746 |   3 |  993.3 |
       Dungeon |   2980 |   2853 |    127 |    807 |   1746 |   3 |  993.3 |
               +--------+--------+--------+--------+--------+-----+--------+

Top non-repeatable levels by time:
     D:1: 1830 daAuts
     D:2: 994 daAuts
     D:3: 155 daAuts
